 Dungeon Crawl Stone Soup version 0.28-a0-1447-ga5a8893891 (webtiles) character file.

Game seed: 4642881258286713233

1996 oldriver the Fighter (level 9, -12/66 HPs)
             Began as a Formicid Chaos Knight on Jan 11, 2022.
             Was a Plaything of Xom.
             Mangled by a wolf spider (glowing shapeshifter) (20 damage)
             ... on level 6 of the Dungeon.
             The game lasted 00:08:05 (6212 turns).

oldriver the Fighter (Formicid Chaos Knight)        Turns: 6212, Time: 00:08:06

Health: -12/66     AC: 18    Str: 21    XL:     9   Next: 45%
Magic:  9/9        EV: 11    Int:  8    God:    Xom [......]
Gold:   431        SH:  0    Dex: 16    Spells: 8/8 levels left

rFire   . . .      SeeInvis +   a - +0 hand axe (chaos)
rCold   + . .      Faith    .   (no shield)
rNeg    . . .      Spirit   .   f - +9 scale mail "Tuitweco" {Harm rC+}
rPois   .          Reflect  .   (helmet unavailable)
rElec   .          Harm     +   k - +0 cloak
rCorr   .          Rampage  .   (no gloves)
Will    +....                   (no boots)
Stlth   ..........              (no amulet)
HPRegen 0.21/turn               u - +6 ring of dexterity
MPRegen 0.11/turn               (no ring)

@: unable to read
A: permanent stasis, dig shafts and tunnels, antennae 3, four strong arms, dopey
2, frail 1, strong-willed 1, mutation resistance 1, wild magic 1, inability to
read while threatened
a: Dig, Shaft Self, Renounce Religion


You were on level 6 of the Dungeon.
You worshipped Xom.
You were a very special plaything of Xom.
You visited 1 branch of the dungeon, and saw 6 of its levels.

You collected 431 gold pieces.

Inventory:

Hand Weapons
 a - a +0 hand axe of chaos (weapon)
 g - the +5 glaive of Anod {flame, rF- rCorr Str+6 SInv}
   (You found it on level 3 of the Dungeon)

   It burns those it strikes, dealing additional fire damage.
   Big, fiery blades are also staple armaments of hydra-hunters.
   Str:       It affects your strength (+6).
   rF:        It makes you vulnerable to fire.
   SInv:      It lets you see invisible.
   rCorr:     It protects you from acid and corrosion.
Armour
 f - the +9 scale mail "Tuitweco" (worn) {Harm rC+}
   (You found it on level 2 of the Dungeon)

   rC:        It protects you from cold.
   Harm:      It increases damage dealt and taken.
 k - a +0 cloak (worn)
Jewellery
 d - a ring of fire
 q - a ring of ice
 u - a +6 ring of dexterity (left hand)
Wands
 i - a wand of flame (28)
 n - a wand of polymorph (7)
 t - a wand of mindburst (12)
Scrolls
 h - 2 scrolls of enchant weapon {unknown}
 m - 4 scrolls of teleportation
 o - 3 scrolls of identify
 v - a scroll of brand weapon
Potions
 b - a potion of degeneration
 c - a potion of mutation {unknown}
 e - 2 potions of might {unknown}
 j - a potion of flight {unknown}
 l - a potion of heal wounds
 p - 2 potions of curing
 r - a potion of lignification {unknown}


   Skills:
 + Level 8.1 Fighting
 + Level 7.4 Axes
 + Level 6.9 Armour
 - Level 3.0 Dodging


You had 8 spell levels left.
You didn't know any spells.
Your spell library was empty.

Dungeon Overview and Level Annotations

Branches:
Dungeon (6/15)             Temple (0/1) D:4

Altars:
Fedhas
Gozag
Kikubaaqudgha
Okawaru
Qazlal
Ru
Xom

Shops:
D:3 ?


Innate Abilities, Weirdness & Mutations

You cannot be hasted, slowed, berserked, paralysed or teleported.
You can dig through walls and to a lower floor.
You have a pair of large antennae on your head. (SInv)
Your four strong arms can wield two-handed weapons with a shield.
You are very dopey. (Int -4)
You are frail. (-10% HP)
You are strong-willed. (Will+)
You are somewhat resistant to further mutation.
Your spells are a little harder to cast, but a little more powerful.
You sometimes lose the ability to read scrolls when taking damage.


Message History

You slash the orc! Lightning courses through the orc!
You kill the orc!
You hit the swamp worm but do no damage.
The swamp worm flickers and vanishes for a moment.
The swamp worm changes into a wolf spider!
You slash the wolf spider!
The wolf spider is poisoned.
The wolf spider is lightly wounded.
Xom's power touches on your mind for a moment.
You are confused.
The wolf spider barely misses you.
The wolf spider bites you but does no damage.
Unknown command.
You are too confused!
You are too confused! "Hum-dee-hum-dee-hum..."
The wolf spider seems to speed up.
The wolf spider hits you but does no damage.
The wolf spider misses you. The wolf spider hits you.
The wolf spider bites you but does no damage.
There is a large open door here.
You closely miss the wolf spider.
The wolf spider is moderately wounded.
The wolf spider hits you!
You feel threatened and lose the ability to read scrolls!
The wolf spider bites you.
You are lethally poisoned!
The wolf spider poisons you! The wolf spider hits you!
The wolf spider bites you but does no damage.
The wolf spider barely misses you. The wolf spider closely misses you.
* * * LOW HITPOINT WARNING * * *
You feel extremely sick. The wolf spider hits you!
* * * LOW HITPOINT WARNING * * *
The wolf spider bites you.
* * * LOW HITPOINT WARNING * * *
You are more poisoned.
The wolf spider poisons you!
You feel better. The wolf spider hits you!
You die...
Xom giggles madly!

........## .# ....[.....
####.. .......# ....
......## #..###++###
......# #..#≈§.§≈≈#
.....## #..#§#§§#≈#
###...##### ##..§§§§§..+
.##.......####...s:§§≈..+
..#...####......@#≈#..#§#
#.##.......###.#.#≈≈..§§#
..........## #.#####++###
####...#...# #.#
###.#.#.###.#
#.#...)...##
####)...)##...#
###...###.)<..#.###
..........))[.....#


You could see a wolf spider shaped shifter (fast, very poisoned).

Vanquished Creatures
  Sigmund (D:3)
  2 water moccasins (D:5)
  A sky beast (D:5)
  An ice beast (D:5)
  4 ogres
  A phantom (D:6)
  A scorpion (D:3)
  A wyvern skeleton (D:6)
  A bullfrog zombie (D:4)
  3 hounds
  4 orc priests
  2 bullfrog skeletons
  A scorpion zombie (D:5)
  2 iguanas (D:4)
  6 orc wizards
  A killer bee zombie (D:6)
  Robin (D:2)
  11 adders
  A worm (D:2)
  7 dart slugs
  26 orcs
  4 ball pythons
  7 endoplasms
  6 giant cockroaches
  17 goblins
  8 hobgoblins
  4 jackals (D:1)
  A quokka (D:2)
  6 bats
  3 frilled lizards
  6 kobolds
  2 rats (D:1)
142 creatures vanquished.

Vanquished Creatures (collateral kills)
  An ogre (D:4)
  A scorpion (D:4)
  An endoplasm (D:1)
  A hobgoblin (D:1)
  A rat (D:1)
5 creatures vanquished.

Vanquished Creatures (others)
  An adder (D:3)
  A dart slug (D:3)
  A hobgoblin (D:3)
  A kobold (D:3)
  A bat (D:3)
  A goblin (D:3)
  2 plants (D:5)
8 creatures vanquished.

Grand Total: 155 creatures vanquished

Notes
Turn   | Place    | Note
-------+----------+-------------------------------------------
     0 | D:1      | oldriver the Formicid Chaos Knight began the quest for the
                  | Orb.
     0 | D:1      | Reached XP level 1. HP: 18/18 MP: 1/1
    36 | D:1      | XOM: divination: magic mapping
   187 | D:1      | Reached skill level 1 in Dodging
   199 | D:1      | Reached XP level 2. HP: 16/24 MP: 2/2
   283 | D:1      | XOM: silly message
   428 | D:1      | Reached XP level 3. HP: 25/30 MP: 3/3
   442 | D:1      | XOM: divination: detect creatures
   607 | D:1      | Found a faded altar of an unknown god.
   633 | D:1      | XOM: silly message
   743 | D:1      | XOM: noise
   770 | D:1      | XOM: god gift: robe {god gift}
   928 | D:2      | Noticed an ogre
   928 | D:2      | XOM: enchant monster (good)
   930 | D:2      | XOM: butterfly on damage
  1259 | D:2      | XOM: butterfly on damage
  1260 | D:2      | HP: 1/30 [ogre (12)]
  1261 | D:2      | Killed an ogre
  1262 | D:2      | Reached skill level 4 in Fighting
  1262 | D:2      | Reached XP level 4. HP: 2/38 MP: 4/4
  1262 | D:2      | Reached XP level 5. HP: 2/43 MP: 5/5
  1590 | D:2      | Noticed Robin
  1614 | D:2      | Killed Robin
  1950 | D:2      | Identified the +9 scale mail "Tuitweco" {Harm rC+}
  2322 | D:2      | XOM: confuse monster(s)
  2326 | D:2      | Reached XP level 6. HP: 49/49 MP: 6/6
  2387 | D:2      | XOM: silly message
  2515 | D:3      | Found an ancient bone altar of Kikubaaqudgha.
  2533 | D:3      | Identified the +5 glaive of Anod {flame, rF- rCorr Str+6
                  | SInv}
  2542 | D:3      | Noticed Sigmund
  2549 | D:3      | XOM: summons friendly iron imp
  2562 | D:3      | Killed Sigmund
  2563 | D:3      | Reached skill level 5 in Fighting
  2563 | D:3      | Reached XP level 7. HP: 42/56 MP: 7/7
  2751 | D:3      | Found Neymedag's Magic Scroll Shoppe.
  3113 | D:4      | Reached skill level 5 in Axes
  3113 | D:4      | XOM: give mutation
  3113 | D:4      | Gained mutation: Your spells are a little harder to cast,
                  | but a little more powerful. [Xom's grace]
  3133 | D:4      | XOM: butterfly on damage
  3136 | D:4      | HP: 1/56 [ogre (37)]
  3420 | D:3      | XOM: scenery: create altars
  3609 | D:4      | XOM: scenery: summon butterflies
  3776 | D:4      | XOM: give mutations
  3776 | D:4      | Gained mutation: You are somewhat resistant to further
                  | mutation. [Xom's grace]
  3776 | D:4      | Gained mutation: You are strong-willed. (Will+) [Xom's
                  | grace]
  3830 | D:4      | Reached skill level 6 in Fighting
  3830 | D:4      | Reached XP level 8. HP: 64/64 MP: 8/8
  4074 | D:4      | Found a staircase to the Ecumenical Temple.
  4253 | D:5      | Entered Level 5 of the Dungeon
  4261 | D:5      | XOM: silly message
  4352 | D:5      | XOM: polymorph jelly -> hound
  4359 | D:5      | Reached skill level 5 in Armour
  4399 | D:5      | XOM: give mutation
  4399 | D:5      | Gained mutation: You are dopey. (Int -2) [Xom's mischief]
  4501 | D:5      | XOM: enchant monster (bad)
  5024 | D:5      | Found a sacrificial altar of Ru.
  5076 | D:6      | Reached skill level 7 in Fighting
  5179 | D:6      | XOM: swap monsters
  5200 | D:6      | XOM: confusion
  5210 | D:5      | XOM: enchant monster (bad)
  5219 | D:5      | Reached XP level 9. HP: 14/72 MP: 9/9
  5502 | D:6      | XOM: smoke on damage
  5721 | D:5      | XOM: give mutations
  5721 | D:5      | Gained mutation: You sometimes lose the ability to read
                  | scrolls when taking damage. [Xom's mischief]
  5721 | D:5      | Gained mutation: You are frail. (-10% HP) [Xom's mischief]
  5721 | D:5      | Gained mutation: You are very dopey. (Int -4) [Xom's
                  | mischief]
  5724 | D:6      | XOM: chaos upgrade
  5729 | D:6      | XOM: chaos upgrade
  5844 | D:6      | Reached skill level 8 in Fighting
  6117 | D:6      | Found an iron altar of Okawaru.
  6118 | D:6      | Found a blossoming altar of Fedhas.
  6119 | D:6      | Found an opulent altar of Gozag.
  6120 | D:6      | Found a stormy altar of Qazlal.
  6205 | D:6      | Noticed a glowing shapeshifter
  6205 | D:6      | a sky beast changed into a glowing shapeshifter
  6205 | D:6      | a glowing shapeshifter changed into a swamp worm
  6207 | D:6      | Noticed a wolf spider
  6207 | D:6      | a swamp worm changed into a wolf spider
  6208 | D:6      | XOM: confusion
  6209 | D:6      | XOM: enchant monster (bad)
  6211 | D:6      | HP: 2/66 [wolf spider (glowing shapeshifter) (3)]
  6212 | D:6      | Mangled by a wolf spider (glowing shapeshifter)

Illustrated notes

Levels and vault maps discovered:
D:1:      minmay_arrival_hallway, layout_rooms, ebering_ecumenical_altar_ruins,
          grunt_decor_cap, minmay_misc_feat_cross
D:2:      layout_loops_ring, kennysheep_generic_room_12, uniq_robin
D:3:      layout_loops_ring, kiku_gazebo_pond_becter, serial_shops, shop,
          uniq_sigmund
D:4:      layout_cave_pools, minmay_temple_entry_large_hall
D:5:      layout_gridville, nicolae_ru_path_of_blood, guppyfry_early_lair_pool
D:6:      layout_rooms, chequers_temple_overflow_statue_of_worship,
          kennysheep_generic_room_15

Skill      XL: |  1  2  3  4  5  6  7  8  9 |
---------------+----------------------------+-----
Dodging        | 1 2 3 |  3.0
Fighting       | 4 5 6 7 8 |  8.1
Axes           | 4 5 6 7 |  7.4
Armour         | 3 4 6 |  6.9

Action                   |  1- 3 |  4- 6 |  7- 9 || total
-------------------------+-------+-------+-------++-------
Melee: Hand axe          |    94 |    88 |   327 ||   509
       Punch             |     1 |     2 |     6 ||     9
  Use: Scroll            |     2 |       |     7 ||     9
       Potion            |     2 |       |     2 ||     4
 Stab: Confused          |       |       |     4 ||     4
       Paralysed         |       |       |     1 ||     1
Armor: Leather armour    |    39 |    19 |       ||    58
       Scale mail        |       |    16 |   198 ||   214
Dodge: Dodged            |    46 |    44 |   208 ||   298

Table legend: (Time is in decaauts)
 A = Elapsed time spent in this place.
 B = Non-inter-level travel time spent in this place.
 C = Inter-level travel time spent in this place.
 D = Time resting spent in this place.
 E = Time spent auto-exploring this place.
 F = Levels seen in this place.
 G = Mean time per level.
                   A        B        C        D        E       F      G
               +--------+--------+--------+--------+--------+-----+--------+
         Total |   6234 |   6068 |    166 |   1510 |   3363 |   6 | 1039.0 |
       Dungeon |   6234 |   6068 |    166 |   1510 |   3363 |   6 | 1039.0 |
               +--------+--------+--------+--------+--------+-----+--------+

Top non-repeatable levels by time:
     D:1: 1476 daAuts
     D:5: 1293 daAuts
     D:3: 1070 daAuts
     D:2: 976 daAuts
     D:4: 755 daAuts
     D:6: 662 daAuts
